[ AOE2 MATCH · #481102604 ]
1v1 RMTatars vs Cumans
Player's team · LOSS
Rival team · WIN
[ REPLAY ANALYSIS · EXTRACTED FROM THE RECORDED GAME ]
Feudal
9:52
Castle
15:13
Imperial
—
| APM avg | 46.5 |
| APM peak | 68 |
| eAPM avg | 19.5 |
| Villagers / military | 56 / 42 |
Focus
⚔️ 27.3% · 🌾 72.7%
Cavalry Archer ×30 · Camel Scout ×5 · Trade Cart ×3 · Steppe Lancer ×3 · Spearman ×2 · Knight ×1
Feudal
9:28
Castle
21:29
Imperial
—
| APM avg | 43.9 |
| APM peak | 86 |
| eAPM avg | 18.4 |
| Villagers / military | 59 / 69 |
Focus
⚔️ 15.5% · 🌾 84.5%
Knight ×58 · Steppe Lancer ×10 · Monk ×1
Match map
Resources at game start + every placement click. Thick line = wall · dashed box = detected house wall. 🟡 gold · ⚪ stone · 🟢 berries · 🔶 boar · ⭕ relic
Inputs per minute
— Pill - - [TUMBI] Bobby Fischer
Build order — Pill
First 150 of 154 actions detected
| 0:00 | Create | Villager (Male) |
| 0:01 | Create | Villager (Male) |
| 0:02 | Build | House |
| 0:02 | Build | House |
| 0:21 | Create | Villager (Male) |
| 0:45 | Create | Villager (Male) |
| 0:46 | Create | Villager (Male) |
| 1:37 | Create | Villager (Male) |
| 1:46 | Create | Villager (Male) |
| 2:20 | Build | Lumber Camp |
| 2:24 | Create | Villager (Male) |
| 2:49 | Create | Villager (Male) |
| 2:51 | Create | Villager (Male) |
| 3:20 | Create | Villager (Male) |
| 3:48 | Build | House |
| 3:55 | Create | Villager (Male) |
| 4:40 | Create | Villager (Male) |
| 5:00 | Create | Villager (Male) |
| 5:09 | Build | Mill |
| 5:23 | Create | Villager (Male) |
| 5:24 | Create | Villager (Male) |
| 5:45 | Create | Villager (Male) |
| 6:09 | Create | Villager (Male) |
| 6:20 | Build | House |
| 6:42 | Create | Villager (Male) |
| 7:16 | Research | Loom |
| 7:19 | Build | Barracks |
| 7:42 | Research | Feudal Age |
| 7:47 | Build | House |
| 8:46 | Build | Mining Camp |
| 9:06 | Create | Villager (Male) |
| 9:44 | Create | Villager (Male) |
| 9:52 | Age | Feudal Age |
| 9:57 | Create | Villager (Male) |
| 10:53 | Build | Stable |
| 10:56 | Create | Villager (Male) |
| 11:25 | Create | Villager (Male) |
| 11:58 | Create | Villager (Male) |
| 12:01 | Build | Blacksmith |
| 12:07 | Build | House |
| 12:10 | Build | House |
| 12:33 | Research | Castle Age |
| 12:40 | Build | Farm |
| 12:47 | Build | House |
| 12:48 | Build | Palisade Wall |
| 13:45 | Research | Bloodlines |
| 13:48 | Create | Villager (Male) |
| 14:05 | Build | Palisade Wall |
| 14:06 | Build | Palisade Wall |
| 14:07 | Build | Palisade Wall |
| 14:09 | Build | Palisade Wall |
| 14:10 | Build | Palisade Wall |
| 14:13 | Research | Double-Bit Axe |
| 14:18 | Create | Villager (Male) |
| 14:32 | Build | Building 796 |
| 15:13 | Age | Castle Age |
| 15:18 | Create | Steppe Lancer |
| 15:33 | Create | Steppe Lancer |
| 15:39 | Build | Town Center |
| 15:41 | Create | Villager (Male) |
| 15:43 | Build | Farm |
| 16:26 | Build | House |
| 16:31 | Build | Archery Range |
| 16:57 | Create | Villager (Male) |
| 17:33 | Create | Cavalry Archer ×5 |
| 17:37 | Create | Villager (Male) |
| 18:16 | Create | Villager (Male) |
| 18:21 | Create | Knight |
| 18:39 | Create | Cavalry Archer |
| 18:39 | Create | Cavalry Archer |
| 18:39 | Create | Cavalry Archer |
| 18:50 | Create | Villager (Male) |
| 19:10 | Build | Town Center |
| 19:47 | Create | Villager (Male) |
| 19:50 | Create | Villager (Male) |
| 19:51 | Create | Villager (Male) |
| 20:32 | Build | Farm |
| 20:35 | Build | Farm |
| 20:53 | Create | Villager (Male) |
| 21:07 | Build | Market |
| 21:15 | Build | Lumber Camp |
| 21:53 | Create | Villager (Male) |
| 21:55 | Build | Farm |
| 21:59 | Build | House |
| 22:19 | Build | Siege Workshop |
| 22:22 | Create | Villager (Male) |
| 22:24 | Build | Farm |
| 22:42 | Create | Trade Cart |
| 22:42 | Create | Villager (Male) |
| 22:43 | Create | Villager (Male) |
| 22:46 | Research | Fletching |
| 22:47 | Create | Villager (Male) |
| 22:50 | Build | House |
| 22:51 | Build | House |
| 22:54 | Build | House |
| 22:55 | Build | House |
| 22:56 | Build | House |
| 23:00 | Build | Farm |
| 23:13 | Create | Cavalry Archer ×4 |
| 23:16 | Build | Farm |
| 23:18 | Create | Villager (Male) |
| 23:27 | Build | Lumber Camp |
| 23:31 | Create | Battering Ram |
| 23:48 | Build | Archery Range |
| 23:48 | Build | Archery Range |
| 23:55 | Create | Villager (Male) |
| 23:55 | Create | Villager (Male) |
| 23:59 | Build | Farm |
| 24:12 | Build | Archery Range |
| 24:32 | Create | Steppe Lancer |
| 24:53 | Create | Villager (Male) |
| 25:06 | Build | Farm |
| 25:07 | Build | Farm |
| 25:08 | Create | Villager (Male) |
| 25:24 | Create | Cavalry Archer ×4 |
| 25:29 | Research | Gold Mining |
| 25:33 | Create | Villager (Male) |
| 25:44 | Build | Farm |
| 25:46 | Build | House |
| 25:47 | Build | House |
| 25:50 | Build | House |
| 25:53 | Build | Palisade Wall |
| 25:54 | Build | Palisade Wall |
| 25:57 | Research | Padded Archer Armor |
| 26:30 | Create | Camel Scout |
| 26:35 | Research | Husbandry |
| 26:45 | Create | Cavalry Archer ×3 |
| 26:45 | Create | Cavalry Archer ×3 |
| 27:15 | Create | Villager (Male) |
| 27:15 | Create | Villager (Male) |
| 28:00 | Create | Cavalry Archer ×4 |
| 28:00 | Create | Cavalry Archer ×4 |
| 28:03 | Build | Mining Camp |
| 28:17 | Create | Villager (Male) |
| 28:22 | Create | Villager (Male) |
| 28:27 | Build | University |
| 28:54 | Create | Camel Scout |
| 28:54 | Create | Camel Scout |
| 28:54 | Create | Camel Scout |
| 28:55 | Create | Camel Scout |
| 29:09 | Create | Spearman |
| 29:10 | Create | Spearman |
| 29:17 | Build | House |
| 29:20 | Build | House |
| 29:22 | Build | House |
| 29:23 | Build | House |
| 29:48 | Create | Trade Cart |
| 29:48 | Create | Trade Cart |
| 29:49 | Create | Villager (Male) |
| 29:49 | Create | Villager (Male) |
Build order — [TUMBI] Bobby Fischer
First 150 of 170 actions detected
| 0:01 | Create | Villager (Male) |
| 0:01 | Create | Villager (Male) |
| 0:02 | Create | Villager (Male) |
| 0:02 | Create | Villager (Male) |
| 0:02 | Create | Villager (Male) |
| 0:03 | Build | House |
| 0:37 | Build | House |
| 0:55 | Build | House |
| 1:48 | Create | Villager (Male) |
| 1:48 | Create | Villager (Male) |
| 2:08 | Create | Villager (Male) |
| 2:35 | Create | Villager (Male) |
| 2:56 | Create | Villager (Male) |
| 3:26 | Create | Villager (Male) |
| 3:26 | Create | Villager (Male) |
| 3:43 | Create | Villager (Male) |
| 3:43 | Create | Villager (Male) |
| 3:48 | Create | Villager (Male) |
| 3:48 | Create | Villager (Male) |
| 4:23 | Create | Villager (Male) |
| 4:47 | Create | Villager (Male) |
| 4:47 | Create | Villager (Male) |
| 4:48 | Create | Villager (Male) |
| 5:12 | Build | Mill |
| 6:01 | Create | Villager (Male) |
| 6:01 | Create | Villager (Male) |
| 6:12 | Build | Lumber Camp |
| 6:30 | Research | Loom |
| 7:18 | Research | Feudal Age |
| 7:45 | Build | House |
| 8:17 | Build | Palisade Wall |
| 8:25 | Build | Palisade Wall |
| 8:28 | Build | Palisade Wall |
| 8:48 | Build | Palisade Wall |
| 9:00 | Build | Palisade Wall |
| 9:20 | Build | House |
| 9:26 | Create | Villager (Male) |
| 9:26 | Create | Villager (Male) |
| 9:28 | Age | Feudal Age |
| 9:51 | Build | Town Center |
| 10:03 | Build | Palisade Wall |
| 10:49 | Build | Palisade Wall |
| 10:51 | Create | Villager (Male) |
| 10:51 | Create | Villager (Male) |
| 11:21 | Create | Villager (Male) |
| 11:21 | Create | Villager (Male) |
| 11:22 | Create | Villager (Male) |
| 11:22 | Create | Villager (Male) |
| 11:23 | Create | Villager (Male) |
| 11:53 | Research | Double-Bit Axe |
| 12:11 | Build | House |
| 12:21 | Create | Villager (Male) |
| 12:22 | Create | Villager (Male) |
| 12:31 | Research | Horse Collar |
| 12:32 | Research | Horse Collar |
| 12:52 | Build | Farm |
| 12:56 | Build | House |
| 13:04 | Create | Villager (Male) |
| 13:04 | Create | Villager (Male) |
| 13:09 | Build | House |
| 13:19 | Build | Farm |
| 13:20 | Build | Farm |
| 13:21 | Build | Farm |
| 13:34 | Build | Building 804 |
| 13:46 | Build | Farm |
| 13:51 | Create | Villager (Male) |
| 13:51 | Create | Villager (Male) |
| 13:58 | Build | Farm |
| 14:11 | Build | Farm |
| 14:18 | Build | Farm |
| 14:19 | Create | Villager (Male) |
| 14:19 | Create | Villager (Male) |
| 14:28 | Build | Farm |
| 14:32 | Create | Villager (Male) |
| 14:48 | Build | Farm |
| 14:54 | Build | Farm |
| 14:55 | Create | Villager (Male) |
| 14:55 | Create | Villager (Male) |
| 15:07 | Build | Farm |
| 15:09 | Create | Villager (Male) |
| 15:10 | Create | Villager (Male) |
| 15:29 | Build | Farm |
| 15:30 | Build | Farm |
| 15:37 | Build | Farm |
| 15:38 | Create | Villager (Male) |
| 15:38 | Create | Villager (Male) |
| 15:40 | Create | Villager (Male) |
| 15:44 | Build | Farm |
| 15:56 | Build | Farm |
| 15:58 | Create | Villager (Male) |
| 15:59 | Create | Villager (Male) |
| 16:23 | Build | House |
| 16:25 | Create | Villager (Male) |
| 16:25 | Create | Villager (Male) |
| 16:36 | Build | Barracks |
| 16:42 | Build | Farm |
| 17:06 | Build | Palisade Wall |
| 17:16 | Build | Blacksmith |
| 17:38 | Build | House |
| 17:44 | Build | Stable |
| 17:46 | Create | Villager (Male) |
| 17:46 | Create | Villager (Male) |
| 17:56 | Build | Farm |
| 17:57 | Build | Farm |
| 18:12 | Build | House |
| 18:39 | Build | Market |
| 18:44 | Build | House |
| 18:49 | Research | Castle Age |
| 18:50 | Research | Castle Age |
| 19:05 | Build | Mining Camp |
| 19:15 | Research | Wheelbarrow |
| 19:15 | Research | Wheelbarrow |
| 19:28 | Build | Lumber Camp |
| 19:51 | Build | House |
| 19:55 | Build | House |
| 20:03 | Research | Bloodlines |
| 20:03 | Research | Bloodlines |
| 20:15 | Build | Stable |
| 20:30 | Research | Forging |
| 21:09 | Build | Stable |
| 21:12 | Build | House |
| 21:20 | Create | Villager (Male) |
| 21:21 | Create | Villager (Male) |
| 21:25 | Research | Gold Mining |
| 21:29 | Age | Castle Age |
| 21:49 | Build | Stable |
| 21:59 | Build | House |
| 22:03 | Create | Knight ×5 |
| 22:03 | Create | Knight ×5 |
| 22:03 | Create | Knight |
| 22:03 | Create | Knight |
| 22:29 | Create | Knight ×2 |
| 22:37 | Build | Farm |
| 23:00 | Research | Scale Barding Armor |
| 23:04 | Create | Knight ×3 |
| 23:37 | Create | Knight ×3 |
| 23:37 | Create | Knight ×3 |
| 23:46 | Build | Lumber Camp |
| 24:03 | Build | Farm |
| 24:04 | Build | Farm |
| 24:06 | Build | Farm |
| 24:13 | Research | Chain Barding Armor |
| 24:13 | Research | Chain Barding Armor |
| 24:40 | Create | Knight ×4 |
| 24:40 | Create | Knight ×4 |
| 24:47 | Build | House |
| 25:10 | Build | Stable |
| 25:21 | Create | Knight ×4 |
| 25:21 | Create | Knight ×4 |
| 25:38 | Create | Knight |
Match timeline
| 7:19 | Pill · first_building Barracks |
| 8:17 | [TUMBI] Bobby Fischer · wall_segment Palisade Wall x8 |
| 8:25 | [TUMBI] Bobby Fischer · wall_segment Palisade Wall x8 |
| 8:28 | [TUMBI] Bobby Fischer · wall_segment Palisade Wall x5 |
| 8:48 | [TUMBI] Bobby Fischer · wall_segment Palisade Wall x8 |
| 9:00 | [TUMBI] Bobby Fischer · wall_segment Palisade Wall x18 |
| 9:28 | [TUMBI] Bobby Fischer · age_up feudal |
| 9:52 | Pill · age_up feudal |
| 10:03 | [TUMBI] Bobby Fischer · wall_segment Palisade Wall x9 |
| 10:49 | [TUMBI] Bobby Fischer · wall_segment Palisade Wall x1 |
| 10:53 | Pill · first_building Stable |
| 12:48 | Pill · wall_segment Palisade Wall x3 |
| 14:05 | Pill · wall_segment Palisade Wall x4 |
| 14:06 | Pill · wall_segment Palisade Wall x7 |
| 14:07 | Pill · wall_segment Palisade Wall x4 |
| 14:09 | Pill · wall_segment Palisade Wall x6 |
| 14:10 | Pill · wall_segment Palisade Wall x4 |
| 15:13 | Pill · age_up castle |
| 16:31 | Pill · first_building Archery Range |
| 16:36 | [TUMBI] Bobby Fischer · first_building Barracks |
| 17:06 | [TUMBI] Bobby Fischer · wall_segment Palisade Wall x1 |
| 17:44 | [TUMBI] Bobby Fischer · first_building Stable |
| 21:29 | [TUMBI] Bobby Fischer · age_up castle |
| 22:19 | Pill · first_building Siege Workshop |
| 22:41 | Pill · first_market_buy 100 food |
| 25:53 | Pill · wall_segment Palisade Wall x7 |
| 25:54 | Pill · wall_segment Palisade Wall x2 |
| 26:02 | [TUMBI] Bobby Fischer · first_market_sell 100 wood |
| 26:03 | [TUMBI] Bobby Fischer · first_market_buy 100 food |
| 27:36 | [TUMBI] Bobby Fischer · first_building Monastery |
| 30:15 | Pill · resign |
[ AI ANALYSIS · 1 CREDIT ]
What really happened in this match?
Wolo.gg analyzes every decision: build order, eco, micro, common mistakes by bracket. Personalized analysis on WhatsApp or Discord in 30 seconds.
Civ guide
Tatars
Map guide
Gold Rush
Perfil
Pill